 Dungeon Crawl Stone Soup version 0.19.0-1-g5985abe (webtiles) character file.

6257 varam the Covert (level 11, -2/69 HPs)
             Began as a Kobold Hunter on Nov 2, 2016.
             Was a Follower of Dithmenos.
             Slain by Erica
             ... wielding a +3 scimitar of flaming
              (5 damage)
             ... on level 8 of the Dungeon.
             The game lasted 00:43:39 (11192 turns).

varam the Covert (Kobold Hunter)                   Turns: 11192, Time: 00:43:40

Health: -2/69      AC:  7    Str: 12    XL:     11   Next: 15%
Magic:  22/22      EV: 23    Int: 12    God:    Dithmenos [*.....]
Gold:   274        SH:  0    Dex: 17    Spells: 3 memorised, 5 levels left

rFire  . . .     SeeInvis .     L - +2 flail (drain)
rCold  . . .     Gourm    .     c - +0 leather armour
rNeg   . . .     Faith    .     (shield restricted)
rPois  .         Spirit   .     s - +0 helmet
rElec  .         Reflect  .     o - +0 cloak
rCorr  .         Harm     .     u - +0 pair of gloves
MR     .....                    T - +0 pair of boots
Stlth  ++++++....               (no amulet)
                                M - +3 ring of evasion
                                B - ring of magical power

@: wreathed by umbra
A: carnivore 3
a: Renounce Religion


You were on level 8 of the Dungeon.
You worshipped Dithmenos.
Dithmenos was aware of your devotion.
You were completely stuffed.

You visited 2 branches of the dungeon, and saw 10 of its levels.

You collected 274 gold pieces.

Inventory:

Hand Weapons
 a - a +1 hand crossbow
 k - a +2 war axe of chopping
 w - a +0 dagger of freezing
 L - a +2 flail of draining (weapon)
Missiles
 d - 32 bolts
 z - 3 tomahawks (quivered)
Armour
 c - a +0 leather armour (worn)
 o - a +0 cloak (worn)
 s - a +0 helmet (worn)
 u - a +0 pair of gloves (worn)
 N - a +0 shield
 T - a +0 pair of boots (worn)
Jewellery
 b - an uncursed amulet of the gourmand {unknown}
 B - a ring of magical power (left hand)
 M - a +3 ring of evasion (right hand)
Wands
 v - a wand of confusion (18/48)
 E - a wand of flame (27/48)
 H - a wand of iceblast (5/15)
 J - a wand of disintegration (11/24)
 P - a wand of iceblast (5/15)
Scrolls
 e - 5 scrolls of remove curse
 g - 3 scrolls of teleportation {unknown}
 h - a scroll of amnesia
 j - 2 scrolls of enchant weapon
 r - a scroll of noise
 t - 2 scrolls of immolation {unknown}
 y - 2 scrolls of magic mapping
 F - a scroll of enchant armour {unknown}
 G - a scroll of recharging {unknown}
 O - 3 scrolls of random uselessness {unknown}
Potions
 i - a potion of cure mutation {unknown}
 m - 2 potions of cancellation {unknown}
 p - 2 potions of heal wounds {unknown}
 x - 3 potions of ambrosia {unknown}
 C - a potion of haste {unknown}
 D - a potion of flight {unknown}
 K - 2 potions of invisibility {unknown}
Books
 q - a book of Cantrips

   Spells                             Type                      Level
   a - Confusing Touch                Hexes                        1
   b - Animate Skeleton               Necromancy                   1
   c - Summon Small Mammal            Summoning                    1
   d - Apportation                    Translocation                1
 A - a Young Poisoner's Handbook

   Spells                             Type                      Level
   a - Sting                          Conjuration/Poison           1
   b - Mephitic Cloud                 Conjuration/Poison/Air       3
   c - Olgreb's Toxic Radiance        Poison                       4
   d - Alistair's Intoxication        Transmutation/Poison         5
   e - Venom Bolt                     Conjuration/Poison           5
 I - a book of Necromancy

   Spells                             Type                      Level
   a - Pain                           Necromancy                   1
   b - Animate Skeleton               Necromancy                   1
   c - Vampiric Draining              Necromancy                   3
   d - Regeneration                   Charms/Necromancy            3
   e - Animate Dead                   Necromancy                   4
   f - Control Undead                 Necromancy                   4
 U - a book of Frost

   Spells                             Type                      Level
   a - Freeze                         Ice                          1
   b - Throw Frost                    Conjuration/Ice              2
   c - Ozocubu's Armour               Charms/Ice                   3
   d - Throw Icicle                   Conjuration/Ice              4
   e - Summon Ice Beast               Ice/Summoning                4
Miscellaneous
 R - a phantom mirror
 S - a box of beasts
Comestibles
 f - 4 meat rations
 l - 2 beef jerkies
 n - 3 slices of pizza


   Skills:
 * Level 8.3 Fighting
 * Level 7.2 Short Blades
 - Level 10.0 Crossbows
 * Level 8.6 Dodging
 * Level 11.3 Stealth
 + Level 1.7 Spellcasting
 + Level 1.3 Summonings
 - Level 1.2 Necromancy
 - Level 1.0 Evocations


You had 5 spell levels left.
You knew the following spells:

 Your Spells              Type           Power        Failure   Level  Hunger
a - Summon Ice Beast      Ice/Summ       #.......     100%        4    #####..
b - Summon Small Mammal   Summ           #...         24%         1    ##.....
q - Regeneration          Chrm/Necr      #.........   82%         3    ####...


Dungeon Overview and Level Annotations

Branches:
Dungeon (9/15)             Temple (1/1) D:7
   Lair: D:8-11         Orc: D:9-12

Altars:
Dithmenos
Gozag
Makhleb
Nemelex Xobeh
Okawaru
Ru
Sif Muna
Trog
Uskayaw
Vehumet

Shops:
D:5 *   D:8 *

Annotations:
D:7 Erica


Innate Abilities, Weirdness & Mutations

You are small and have problems with some larger weapons.
You are carnivorous and can eat meat at any time.


Message History

You feel better. Something closely misses you.
You feel better. Something hits you!
* * * LOW HITPOINT WARNING * * *
Something burns you.
* * * LOW HITPOINT WARNING * * *
You hear some strange, mumbled words.
Something tries to affect you, but you resist.
Something closely misses you. Something barely misses you.
There is a stone staircase leading down here.
Something barely misses you.
You climb downwards.
Found 11 gold pieces and a runed bone ring.
There is a stone staircase leading up here.
You start resting.
You feel yourself speed up. Something hits you!
* * * LOW HITPOINT WARNING * * *
Something burns you.
You die...

### >.# #.#
#### ###
#.####.... ..#
...()..####
#.#
.........<.
..# .(...#.###
#.#######
.###.# #
#....$... .#
.# #@.....# .#
..
........####.#
..# ##.
#######.# ..#
.# #.# ..# #
#=# ..# #.#
.## #.. .# #..
.# ..#


There were no monsters in sight!

Vanquished Creatures
  Pikel (D:6)
  Maurice (D:8)
  2 trolls (D:9)
  3 hippogriffs
  Sigmund (D:6)
  A yak (D:8)
  Grum (D:8)
  Edmund (D:6)
  A water moccasin (D:8)
  2 orc warriors
  A black bear (D:9)
  4 ice beasts
  A sky beast (D:6)
  A phantom (D:6)
  3 ogres
  2 centaurs
  2 wolves (D:8)
  3 crocodiles (D:8)
  2 bullfrogs
  2 big kobolds
  4 scorpions
  10 killer bees
  2 howler monkeys (D:8)
  3 crimson imps
  A bullfrog zombie (D:5)
  A jelly (D:5)
  A quasit (D:9)
  3 orc priests
  Crazy Yiuf (D:2)
  3 bullfrog skeletons
  5 hounds
  A centaur skeleton (D:6)
  3 orc wizards
  An iguana (D:6)
  Terence (D:1)
  5 worker ants
  A hound skeleton (D:9)
  A worker ant zombie (D:6)
  7 gnolls
  5 adders
  3 river rats (D:8)
  4 shadow imps
  2 oozes
  An adder zombie (D:8)
  3 adder skeletons
  4 worms
  2 dart slugs
  6 leopard geckos
  27 orcs
  2 ball pythons
  17 bats
  6 giant cockroaches
  7 goblins
  5 hobgoblins
  6 jackals
  7 quokkas
  3 frilled lizards
  19 kobolds
  A leopard gecko zombie (D:7)
  A quokka zombie (D:6)
  17 rats
237 creatures vanquished.

Vanquished Creatures (others)
  4 slaves (D:7)
  2 killer bees (D:7)
  A howler monkey (D:7)
  2 orc priests (D:7)
  2 orc wizards (D:7)
  A worker ant (D:7)
  A giant cockroach (D:7)
  2 fungi (D:8)
15 creatures vanquished.

Grand Total: 252 creatures vanquished

Notes
Turn   | Place    | Note
-------+----------+-------------------------------------------
     0 | D:1      | varam the Kobold Hunter began the quest for the Orb.
     0 | D:1      | Reached XP level 1. HP: 12/12 MP: 1/1
    25 | D:1      | Reached skill level 5 in Crossbows
    67 | D:1      | Reached XP level 2. HP: 18/18 MP: 2/2
   395 | D:1      | Reached XP level 3. HP: 22/22 MP: 3/3
   563 | D:1      | Reached skill level 3 in Dodging
   941 | D:2      | Reached skill level 2 in Stealth
  1200 | D:2      | Reached skill level 3 in Fighting
  1200 | D:2      | Reached XP level 4. HP: 25/28 MP: 4/4
  1538 | D:2      | Found a runed door.
  1543 | D:2      | Noticed Crazy Yiuf
  1547 | D:2      | Killed Crazy Yiuf
  1547 | D:2      | Reached skill level 3 in Stealth
  1547 | D:2      | Reached XP level 5. HP: 32/32 MP: 5/5
  1729 | D:2      | Noticed Terence
  1784 | D:1      | Killed Terence
  2323 | D:3      | Noticed a bullfrog
  2359 | D:2      | Killed a bullfrog
  2359 | D:2      | Reached skill level 6 in Crossbows
  2359 | D:2      | Reached skill level 4 in Stealth
  2359 | D:2      | Reached XP level 6. HP: 12/37 MP: 6/6
  2803 | D:3      | Found a faded altar of an unknown god.
  3164 | D:5      | Entered Level 5 of the Dungeon
  3346 | D:4      | Reached skill level 5 in Stealth
  3651 | D:3      | Reached skill level 7 in Crossbows
  3651 | D:3      | Reached XP level 7. HP: 34/41 MP: 7/7
  3902 | D:3      | Reached skill level 6 in Stealth
  4659 | D:5      | Found Casy's Assorted Antiques.
  4804 | D:5      | Reached skill level 7 in Stealth
  4872 | D:5      | Reached skill level 8 in Crossbows
  4872 | D:5      | Reached XP level 8. HP: 46/46 MP: 8/8
  5123 | D:5      | Reached skill level 8 in Stealth
  5443 | D:6      | Reached skill level 9 in Crossbows
  5475 | D:6      | Reached skill level 9 in Stealth
  5558 | D:6      | Noticed Edmund
  5572 | D:6      | Killed Edmund
  5666 | D:6      | Reached XP level 9. HP: 48/51 MP: 9/9
  5764 | D:6      | Reached skill level 10 in Stealth
  5811 | D:6      | Reached skill level 10 in Crossbows
  5811 | D:6      | Reached skill level 4 in Dodging
  6240 | D:6      | Noticed Sigmund
  6256 | D:6      | Killed Sigmund
  6256 | D:6      | Reached skill level 4 in Fighting
  6325 | D:6      | Reached skill level 5 in Dodging
  6356 | D:6      | Reached skill level 5 in Fighting
  7226 | D:6      | Reached skill level 1 in Evocations
  7616 | D:7      | Noticed Pikel
  7663 | D:6      | Killed Pikel
  7663 | D:6      | Reached skill level 6 in Fighting
  7663 | D:6      | Reached skill level 2 in Short Blades
  7663 | D:6      | Reached skill level 6 in Dodging
  7918 | D:6      | Reached skill level 3 in Short Blades
  8022 | D:7      | Reached XP level 10. HP: 32/60 MP: 10/10
  8231 | D:7      | Reached skill level 4 in Short Blades
  8318 | D:7      | Reached skill level 7 in Dodging
  8580 | D:8      | Reached skill level 7 in Fighting
  8707 | D:8      | Noticed Grum
  8720 | D:8      | Reached skill level 5 in Short Blades
  8725 | D:8      | Killed Grum
  8771 | D:8      | Found Feqo's General Store.
  8771 | D:8      | Noticed Maurice
  8855 | D:8      | Killed Maurice
  8900 | D:8      | Noticed Erica
  8920 | D:7      | Found a staircase to the Ecumenical Temple.
  8932 | Temple   | Entered the Ecumenical Temple
  8965 | Temple   | Became a worshipper of Dithmenos the Shadowed
  8997 | D:7      | Learned a level 4 spell: Animate Dead
  9121 | D:7      | Learned a level 3 spell: Regeneration
  9498 | D:9      | Reached skill level 1 in Necromancy
  9530 | D:9      | Reached skill level 6 in Short Blades
  9580 | D:9      | Learned a level 1 spell: Summon Small Mammal
  9629 | D:9      | Learned a level 4 spell: Summon Ice Beast
  9830 | D:9      | Reached skill level 8 in Dodging
  9881 | D:9      | Reached skill level 1 in Spellcasting
 10059 | D:9      | Reached skill level 1 in Summonings
 10080 | D:9      | Reached skill level 11 in Stealth
 10318 | D:9      | Noticed a five-headed hydra
 10351 | D:8      | Reached * piety under Dithmenos
 10359 | D:8      | Reached XP level 11. HP: 68/68 MP: 12/12
 10475 | D:8      | Reached skill level 8 in Fighting
 10562 | D:8      | Reached skill level 7 in Short Blades
 11182 | D:7      | HP: 5/69 [something (8)]
 11192 | D:8      | HP: 3/69 [something (12)]
 11192 | D:8      | Slain by Erica

Skill      XL: |  1  2  3  4  5  6  7  8  9 10 11 |
---------------+----------------------------------+-----
Crossbows      | 5 6 7 8 9 10 | 10.0
Dodging        | 3 6 8 |  8.6
Stealth        | 2 3 4 5 7 9 10 11 | 11.3
Fighting       | 3 6 7 8 |  8.3
Evocations     | 1 |  1.0
Short Blades   | 3 6 7 |  7.2
Necromancy     | 1 |  1.2
Spellcasting   | 1 |  1.7
Summonings     | 1 |  1.3

Action                   |  1- 3 |  4- 6 |  7- 9 | 10-12 || total
-------------------------+-------+-------+-------+-------++-------
Melee: Short sword       |    55 |    67 |       |       ||   122
       Dagger            |     9 |    87 |    65 |   138 ||   299
       War axe           |       |       |   101 |       ||   101
       Flail             |       |       |     4 |     3 ||     7
 Fire: Hand crossbow     |    20 |    61 |   211 |   286 ||   578
Throw: Tomahawk          |       |       |     1 |       ||     1
Evoke: Wand              |       |     1 |       |     1 ||     2
  Use: Potion            |       |     2 |       |     3 ||     5
       Scroll            |       |       |     2 |     5 ||     7
 Stab: Sleeping          |     3 |     3 |     1 |     2 ||     9
       Distracted        |       |     1 |       |       ||     1
  Eat: Chunk             |     9 |     8 |    12 |    12 ||    41
Armor: Leather armour    |    14 |    31 |    46 |    45 ||   136
Dodge: Dodged            |    52 |   128 |   232 |   402 ||   814
